 Dungeon Crawl Stone Soup version 0.31.0-12-g77e489cdc1 (webtiles) character file.

Game seed: 8298172256780030146

109 Gadfly the Covered (level 4, -1/38 HPs)
             Began as an Armataur Fighter on Feb 28, 2024.
             Slain by a cerulean imp
             ... wielding a +1 spear
             ... summoned by Natasha
              (2 damage)
             ... on level 3 of the Dungeon.
             The game lasted 00:02:07 (1366 turns).

Gadfly the Covered (Armataur Fighter)               Turns: 1366, Time: 00:02:08

Health: -1/38      AC:  8    Str: 23    XL:     4   Next: 59%
Magic:  5/5        EV:  7    Int:  9    God:
Gold:   162        SH:  5    Dex: 15    Spells: 3/3 levels left

rFire   . . .        a - +0 flail
rCold   . . .        c - +0 buckler
rNeg    . . .        b - +0 scale mail
rPois   +            (no helmet)
rElec   .            h - +0 cloak
rCorr   .            (no gloves)
SInv    .            (no barding)
Will    .....        (no amulet) Stlth
                     i - +6 ring of dexterity
HPRegen 0.26/turn    f - ring of poison resistance
MPRegen 0.42/turn

%: roll
@: no status effects
A: large, deformed body, tough skin 3, armoured tail, roll 1
a: no special abilities


You were on level 3 of the Dungeon.
You visited 1 branch of the dungeon, and saw 3 of its levels.

You collected 162 gold pieces.

Inventory:

Hand Weapons
 a - a +0 flail (weapon)
Armour
 b - a +0 scale mail (worn)
 c - a +0 buckler (worn)
 h - a +0 cloak (worn)
Jewellery
 f - a ring of poison resistance (right hand)
 i - a +6 ring of dexterity (left hand)
 o - a +4 ring of protection
Potions
 d - a potion of might
 e - a potion of mutation
 g - a potion of haste
 j - a potion of lignification
 n - a potion of resistance {unknown}


   Skills:
 + Level 3.0 Fighting
 * Level 2.5 Maces & Flails
 + Level 4.1 Armour
 + Level 3.6 Shields
 * Level 1.7 Invocations
 * Level 1.8 Evocations


You had 3 spell levels left.
You didn't know any spells.
Your spell library contained the following spells:

 Spells                   Type           Power      Damage    Failure   Level
 Volatile Blastmotes      Fire/Tloc      0%         2d10      98%         3
 Fulminant Prism          Conj/Alch      0%         3d5       100%        4
 Iskenderun's Mystic Bla  Conj/Tloc      0%         2d3       100%        4


Dungeon Overview and Level Annotations

Branches:
Dungeon (3/15)

Altars:

Annotations:
D:3 Grinder, Natasha


Innate Abilities, Weirdness & Mutations

Armour fits poorly on your strangely shaped body.
You have extremely tough skin. (AC +3)
You have a long armoured tail.
You regenerate magic when rolling toward enemies. (Rampage MPRegen)


Message History

You tail-slap the kobold, but do no damage.
The kobold is severely wounded.
The kobold hits you but does no damage.
Natasha casts a spell.
You hit the kobold.
You kill the kobold!
Grinder says, "I used to sell toenails on the black market."
Grinder hits you!
You writhe in agony.
The goblin hits you but does no damage. Natasha casts a spell at you.
The magic dart hits you but does no damage.
The quokka bites you but does no damage.
Grinder hits you.
You writhe in agony.
You block the goblin's attack. The goblin attacks as it pursues you!
The goblin closely misses you.
Grinder blinks!
The cerulean imp closely misses you.
The quokka bites you but does no damage.
You roll towards Grinder!
Grinder says, "You look like you could use a good racking."
Grinder hits you but does no damage.
Natasha casts a spell.
You closely miss Grinder. You tail-slap Grinder.
Grinder is lightly wounded.
Grinder hits you but does no damage. The goblin hits you with a +0 club.
The cerulean imp hits you but does no damage.
You hit Grinder but do no damage.
Your tail-slap misses Grinder.
Grinder is lightly wounded.
The quokka barely misses you. Grinder hits you.
* * * LOW HITPOINT WARNING * * *
You writhe in agony.
* * * LOW HITPOINT WARNING * * *
The goblin barely misses you. The quokka barely misses you.
You block the cerulean imp's attack.
The cerulean imp hits you but does no damage.
You hit Natasha. You tail-slap Natasha!
Natasha is almost dead.
You block Grinder's attack. The goblin hits you with a +0 club.
* * * LOW HITPOINT WARNING * * *
The quokka bites you but does no damage.
Natasha claws you but does no damage.
The cerulean imp hits you from afar with a +1 spear.
You die...

#...##......†..(..#...#
#...##............#...#
#.>..#...........#..#
##....†.....#......######
...#...###..>..##........
##)##..# ##.#..#..#####..
##.#...# #.##.#.##
##.#...# ##.##.#5######.
.....#.###....5h@.......
#...##........grg.>..##.
#.#..~P♣.......55##....P
#.##~~♣~P..#............
#.# .~♣ .. #...##.....##
#.# ..~. #..#.).......#
... .....##.#...5.....#
### ... . ......##...# .
........#....


You could see Grinder, Natasha, 3 cerulean imps, a quokka and 2 goblins.

Vanquished Creatures
  Natasha (twice) (D:3)
  2 adders
  3 dart slugs (D:1)
  A ribbon worm (D:3)
  An orc (D:3)
  3 endoplasms
  3 giant cockroaches
  2 hobgoblins (D:1)
  3 quokkas
  3 ball pythons
  4 bats
  2 frilled lizards
  3 goblins
  2 kobolds
  A rat (D:2)
35 creatures vanquished.

Notes
Turn   | Place    | Note
-------+----------+-------------------------------------------
     0 | D:1      | Gadfly the Armataur Fighter began the quest for the Orb.
     0 | D:1      | Reached XP level 1. HP: 18/18 MP: 1/1
   117 | D:1      | Reached XP level 2. HP: 25/25 MP: 2/2
   553 | D:1      | Reached skill level 1 in Evocations
   768 | D:2      | Found a faded altar of an unknown god.
   881 | D:2      | Reached skill level 1 in Invocations
   881 | D:2      | Reached XP level 3. HP: 23/30 MP: 3/3
  1317 | D:3      | Noticed Natasha
  1320 | D:3      | Killed Natasha
  1321 | D:3      | Reached skill level 4 in Armour
  1321 | D:3      | Reached XP level 4. HP: 37/37 MP: 3/5
  1337 | D:3      | Noticed Natasha
  1342 | D:3      | Killed Natasha
  1355 | D:3      | Noticed Grinder
  1355 | D:3      | Noticed Natasha
  1366 | D:3      | HP: 1/38 [goblin/+0 club (3)]
  1366 | D:3      | Slain by a cerulean imp

Illustrated notes

Levels and vault maps discovered:
D:1:      amcnicky_arrival_gap_in_the_tavern_cellar, layout_loops_ring
D:2:      layout_rooms, hellmonk_ecumenical_altar_crossroads
D:3:      layout_rooms, mainiacjoe_overflow_alcove_4, serial_bayou,
          serial_bayou_lake_a, serial_bayou_pond_a, serial_bayou_pond_c,
          serial_bayou_pond_d, uniq_grinder, uniq_robin, uniq_natasha

Skill      XL: |  1  2  3  4 |
---------------+-------------+-----
Maces & Flails | 2 |  2.5
Evocations     | 1 |  1.8
Invocations    | 1 |  1.7
Armour         | 4 |  4.1
Fighting       | 3 |  3.0
Shields        | |  3.6

Action                     |  1- 3 |  4- 6 || total
---------------------------+-------+-------++-------
  Melee: Flail             |    75 |    10 ||    85
         Tailslap          |     5 |     3 ||     8
    Use: Scroll            |     5 |       ||     5
 Armour: Scale mail        |    40 |    20 ||    60
  Dodge: Dodged            |    17 |     7 ||    24
  Block: Buckler           |    16 |     6 ||    22
